 Dungeon Crawl Stone Soup version 0.31-a0-844-gdc52ec4e09 (webtiles) character file.

Game seed: 9992682918049291047

29 Kurtz the Chopper (level 3, -3/26 HPs)
             Began as an Octopode Fighter on Sept 30, 2023.
             Slain by a hobgoblin (4 damage)
             ... led by Robin
             ... on level 2 of the Dungeon.
             The game lasted 00:01:00 (716 turns).

Kurtz the Chopper (Octopode Fighter)                 Turns: 716, Time: 00:01:00

Health: -3/26      AC:  1    Str: 15    XL:     3   Next: 16%
Magic:  3/3        EV: 13    Int: 10    God:
Gold:   29         SH:  4    Dex: 13    Spells: 2/2 levels left

rFire   . . .        a - +0 war axe
rCold   . . .        b - +0 buckler
rNeg    . . .        (helmet restricted)
rPois   .            (no amulet)
rElec   .            (no ring)
rCorr   .            (no ring)
SInv    .            (no ring)
Will    +....        (no ring)
Stlth   ++           (no ring)
HPRegen 0.24/turn    (no ring)
MPRegen 0.08/turn    (no ring)
                     (no ring)

%: no passive effects
@: mighty, enlightened, flying
A: almost no armour, amphibious, 8 rings, camouflage 1, gelatinous body 1,
(nimble swimmer 1), tentacles
a: no special abilities


You were on level 2 of the Dungeon.
You visited 1 branch of the dungeon, and saw 2 of its levels.

You collected 29 gold pieces.

Inventory:

Hand Weapons
 a - a +0 war axe (weapon)
Armour
 b - a +0 buckler (worn)
Jewellery
 i - an amulet of magic regeneration
Scrolls
 e - a scroll of teleportation {unknown}
 f - a scroll of fear {unknown}
 g - a scroll of immolation {unknown}
 h - a scroll of identify {unknown}
Potions
 j - a potion of attraction {unknown}
 k - a potion of degeneration {unknown}


   Skills:
 - Level 3.0 Fighting
 * Level 3.5 Axes
 - Level 3.0 Dodging
 - Level 3.0 Shields


You had 2 spell levels left.
You didn't know any spells.
Your spell library contained the following spells:

 Spells                   Type           Power      Damage    Failure   Level
 Ensorcelled Hibernation  Hex/Ice        0%         N/A       58%         2
 Jinxbite                 Hex            0%         N/A       58%         2
 Anguish                  Hex/Necr       0%         N/A       99%         4


Dungeon Overview and Level Annotations

Branches:
Dungeon (2/15)

Altars:

Shops:
D:1 (

Annotations:
D:2 Robin


Innate Abilities, Weirdness & Mutations

You cannot wear most types of armour.
You are amphibious.
You can wear up to eight rings at the same time.
Your skin changes colour to match your surroundings (Stealth+).
Your rubbery body absorbs attacks. (AC +1, EV +1)
((You are camouflaged when in or above water. (Stealth+)))
You have tentacles for arms and can constrict up to eight enemies at once.


Message History

The goblin is severely wounded.
The goblin barely misses you.
A hobgoblin comes into view.
Unknown command.
You completely miss the goblin. Your grab misses the goblin.
Your squeeze misses the goblin.
The goblin is severely wounded.
The kobold throws a stone.
The stone barely misses you. The goblin hits you with a +0 club.
Robin of the Strong Arm comes into view.
They are wielding a +0 club.
You block the endoplasm's attack. The goblin hits you with a +0 club.
You completely miss the goblin. Your grab misses the goblin.
The goblin is severely wounded.
You hit the endoplasm. You slash the kobold!
You kill the kobold!
The endoplasm freezes you.
You are frozen.
Robin says, "A pitiful Octopus like you will never find the ORB!"
The goblin hits you with a +0 club.
You are too injured to fight recklessly!
You are too injured to fight recklessly!
Unknown command.
You barely miss the goblin. You grab the goblin. You squeeze the goblin.
You kill the goblin!
You slash the endoplasm!
You kill the endoplasm!
You barely miss the hobgoblin. The hobgoblin hits you.
* * * LOW HITPOINT WARNING * * *
The hobgoblin hits you.
* * * LOW HITPOINT WARNING * * *
Robin hits you with a +0 club.
* * * LOW HITPOINT WARNING * * *
2 goblins and 2 hobgoblins come into view.
The goblin shouts!
The hobgoblin shouts!
Items here: ( ))) †.
You feel very mighty all of a sudden.
It was a potion of enlightenment.
You feel very buoyant.
You fly up into the air.
The hobgoblin hits you.
You die...

#. ## # #. .
#.#. .#
##.#.##.
#......
.##.#...#
.......<# #
###.###g###...#
#@g...#
#gggg..####
.....##.## ####
##. #


You could see Robin, 3 hobgoblins and 2 goblins.

Vanquished Creatures
  A dart slug (D:1)
  4 ball pythons (D:1)
  3 endoplasms
  2 hobgoblins
  3 kobolds
  A quokka (D:1)
  A bat (D:1)
  3 frilled lizards (D:1)
  6 goblins
  A rat (D:1)
25 creatures vanquished.

Notes
Turn   | Place    | Note
-------+----------+-------------------------------------------
     0 | D:1      | Kurtz the Octopode Fighter began the quest for the Orb.
     0 | D:1      | Reached XP level 1. HP: 16/16 MP: 1/1
    74 | D:1      | Reached XP level 2. HP: 21/21 MP: 2/2
   250 | D:1      | Found Paor's Antique Weapon Boutique.
   709 | D:2      | Reached XP level 3. HP: 19/26 MP: 3/3
   711 | D:2      | Noticed Robin
   713 | D:2      | HP: 1/26 [Robin/+0 club (2)]
   716 | D:2      | Slain by a hobgoblin

Illustrated notes

Levels and vault maps discovered:
D:1:      psy_arrival_basics, layout_loops_cross, serial_shops,
          nicolae_shop_peninsula
D:2:      layout_loops_ring, basic_altar, serial_bayou_pond_a, minivault_26,
          uniq_robin

Skill      XL: |  1  2 |
---------------+-------+-----
Axes           | 3 |  3.5
Fighting       | |  3.0
Dodging        | |  3.0
Shields        | |  3.0

Action                     || total
---------------------------++-------
  Melee: War axe           ||    44
         Constrict         ||    11
         Tentacles         ||     7
    Use: Potion            ||     2
   Stab: Sleeping          ||     3
 Armour: Skin              ||    22
  Dodge: Dodged            ||    27
  Block: Buckler           ||     9

Table legend: (Time is in decaauts)
 A = Elapsed time spent in this place.
 B = Non-inter-level travel time spent in this place.
 C = Inter-level travel time spent in this place.
 D = Time resting spent in this place.
 E = Time spent auto-exploring this place.
 F = Levels seen in this place.
 G = Mean time per level.
                   A        B        C        D        E       F      G
               +--------+--------+--------+--------+--------+-----+--------+
         Total |    733 |    706 |     27 |      0 |    560 |   2 |  366.5 |
       Dungeon |    733 |    706 |     27 |      0 |    560 |   2 |  366.5 |
               +--------+--------+--------+--------+--------+-----+--------+

Top non-repeatable levels by time:
     D:1: 718 daAuts
     D:2: 14 daAuts
